 Dungeon Crawl Stone Soup version 0.31.0-12-g77e489cdc1 (webtiles) character file.

Game seed: 3539830722457167549

31 ChrisAssaf the Sneak (level 3, -1/31 HPs)
             Began as a Draconian Delver on Feb 13, 2024.
             Killed from afar by an orc wizard (7 damage)
             ... with a puff of flame
             ... on level 5 of the Dungeon.
             The game lasted 00:01:17 (442 turns).

ChrisAssaf the Sneak (Draconian Delver)              Turns: 442, Time: 00:01:18

Health: -1/31      AC:  5    Str: 14    XL:     3   Next: 7%
Magic:  3/3        EV: 12    Int: 12    God:
Gold:   25         SH:  0    Dex: 12    Spells: 2/2 levels left

rFire   . . .        a - +0 falchion
rCold   . . .        (no shield)
rNeg    . . .        (body armour unavailable)
rPois   .            (helmet restricted)
rElec   .            (no cloak)
rCorr   .            (no gloves)
SInv    .            (no boots)
Will    .....        (no amulet)
Stlth   +++          (no ring)
HPRegen 0.25/turn    (no ring)
MPRegen 0.08/turn

%: no passive effects
@: no status effects
A: AC +5, unfitting armour, cold-blooded
a: no special abilities


You were on level 5 of the Dungeon.
You visited 1 branch of the dungeon, and saw 1 of its levels.

You collected 25 gold pieces.

Inventory:

Hand Weapons
 a - a +0 falchion (weapon)
Wands
 f - a wand of digging (3)
Scrolls
 b - a scroll of fog
 c - a scroll of revelation
Potions
 e - 2 potions of enlightenment {unknown}
 g - a potion of ambrosia


   Skills:
 * Level 3.5 Fighting
 * Level 2.1 Long Blades
 * Level 1.9 Dodging
 * Level 5.0 Stealth
 * Level 0.4 Spellcasting
 * Level 0.5 Evocations


You had 2 spell levels left.
You didn't know any spells.
Your spell library was empty.

Dungeon Overview and Level Annotations

Branches:
Dungeon (5/15)
 Temple: D:4-7

Altars:
Okawaru

Annotations:
D:5 2 transporters


Innate Abilities, Weirdness & Mutations

Your plain brown scales are hard. (AC +5)
You cannot fit into any form of body armour.
You are cold-blooded and may be slowed by cold attacks.


Message History

The orc wizard hits you with a +0 dagger. x2
The orc wizard attacks as it pursues you!
The orc wizard hits you with a +0 dagger.
The orc wizard gestures at you while chanting.
The puff of flame hits you!
The orc wizard attacks as it pursues you!
The orc wizard misses you.
You feel less confused.
The orc wizard hits you but does no damage.
The orc wizard hits you with a +0 dagger.
The orc wizard misses you.
You see here a +0 club.
You closely miss the orc wizard.
Your tail-slap misses the orc wizard.
The orc wizard hits you but does no damage.
The orc wizard barely misses you.
You hit the orc wizard.
The orc wizard is moderately wounded.
The orc wizard hits you but does no damage.
You closely miss the orc wizard.
The orc wizard is moderately wounded.
The orc wizard gestures at you while chanting.
The puff of flame misses you.
You closely miss the orc wizard.
The orc wizard is moderately wounded.
The orc wizard closely misses you.
You hit the orc wizard but do no damage.
The orc wizard is moderately wounded.
The orc wizard hits you with a +0 dagger.
You closely miss the orc wizard.
The orc wizard is moderately wounded.
The orc wizard points at you and mumbles some strange words.
The puff of flame hits you!
* * * LOW HITPOINT WARNING * * *
The orc wizard completely misses you.
You slash the orc wizard!
You tail-slap the orc wizard, but do no damage.
The orc wizard is almost dead.
The orc wizard points at you and mumbles some strange words.
The puff of flame hits you!
You die...

##.......# #.....# ## .
#........# #.....# .. #.
###........#####.....# ..
^.#..........#...#.....#... #.
$#....................#...
#.......#.##.##.....#... ##
#........#...#..####... .# #. ###
#.................##... #
.#.##.##....@...._......##... #
.......#©...o................ #
#..###.#..>....#...#.....†...
.####©##.###.....#.##.##.........
##..###.......####.......#'######
..............##.##..............
.....................#........<..
.#.....#.............#...........
.#.....+.............#...........


You could see an orc wizard.

Vanquished Creatures
  A hound (D:5)
  An orc (D:5)
2 creatures vanquished.

Notes
Turn   | Place    | Note
-------+----------+-------------------------------------------
     0 | D:5      | ChrisAssaf the Draconian Delver began the quest for the
                  | Orb.
     0 | D:5      | Reached XP level 1. HP: 19/19 MP: 1/1
    13 | D:5      | Noticed a hound
   198 | D:5      | Killed a hound
   199 | D:5      | Reached skill level 5 in Stealth
   199 | D:5      | Reached XP level 2. HP: 10/26 MP: 2/2
   199 | D:5      | Reached XP level 3. HP: 12/31 MP: 3/3
   317 | D:5      | Found a transporter.
   330 | D:5      | Noticed a small abomination
   332 | D:5      | Noticed a small abomination
   341 | D:5      | Noticed a phantom
   442 | D:5      | Killed from afar by an orc wizard

Illustrated notes

Levels and vault maps discovered:
D:5:      layout_gridville, mainiacjoe_overflow_big_doors, okawaru_gym_becter,
          gammafunk_ghost_abyssal_escape, uniq_edmund

Skill      XL: |  1 |
---------------+----+-----
Stealth        | 5 |  5.0
Fighting       | |  3.5
Long Blades    | |  2.1
Dodging        | |  1.9
Spellcasting   | |  0.4
Evocations     | |  0.5

Action                     || total
---------------------------++-------
  Melee: Falchion          ||    31
         Tailslap          ||     4
    Use: Scroll            ||     2
         Potion            ||     1
 Armour: Skin              ||    24
  Dodge: Dodged            ||    25
